AoeStats
← Lindy

MegaRandom

510285564Analyzed
2v2 RM · 2d ago on Sep 30, 2026· 33m 56s· 4 players
Game mode
Random Map
Map size
Medium (4 player)
Population
200
Speed
Normal
Resources
Standard
Victory
Conquest
Starting age
Dark Age
Ending age
Imperial Age
RankedLock teamsTeams togetherTeam positionsShared explorationLock speedFull tech treeHidden civsTurbo modeCheats
Victory
Defeat
🇻🇳 Byzantines · Vietnam
1529
+15
🇳🇱 Sicilians · Netherlands
1390
+20
🇪🇸 Georgians · Spain
1499
-18
🇮🇹 Berbers · Italy
1484
-17
destining2675
0:29 Loom
8:48 Feudal Age
9:45 Double-Bit Axe
13:46 Castle Age
12:50 Gold Mining
13:20 Forging
13:16 Scale Barding Armor
14:42 Bloodlines
16:36 Wheelbarrow
16:58 Husbandry
18:13 Hand Cart
19:02 Chain Barding Armor
26:48 Imperial Age
26:14 Town Watch
26:20 Horse Collar
26:55 Fletching
28:10 Plate Barding Armor
27:36 Heavy Camel Rider
32:23 Iron Casting
aldama
Lindy
0:34 Loom
8:06 Feudal Age
13:59 Castle Age
12:15 Forging
13:06 Bloodlines
13:06 Horse Collar
13:12 Double-Bit Axe
16:13 Wheelbarrow
15:41 Husbandry
18:32 Scale Barding Armor
20:48 Iron Casting
21:33 Fletching
24:44 Gold Mining
25:22 Chain Barding Armor
29:42 Imperial Age
28:08 Stone Mining
28:47 Hand Cart
29:50 Cavalier
32:18 Plate Barding Armor
DEXXTER
Connection lost

Rejoining the realm…

Still unreachable

The connection could not be restored.

Session expired

The server has moved on; the page needs a fresh start.